 Dungeon Crawl Stone Soup version 0.30-a0-358-g0d69a1922f (webtiles) character file.

Game seed: 14313403565873778905

106 ragingrage the Caller (level 5, -1/35 HPs)
             Began as a Formicid Wanderer on Nov 8, 2022.
             Slain by an orc priest
             ... wielding a +0 flail
              (5 damage)
             ... on level 3 of the Dungeon.
             The game lasted 00:04:19 (2084 turns).

ragingrage the Caller (Formicid Wanderer)           Turns: 2084, Time: 00:04:20

Health: -1/35      AC:  5    Str: 19    XL:     5   Next: 10%
Magic:  8/8        EV: 11    Int: 12    God:
Gold:   102        SH:  0    Dex: 12    Spells: 1/8 levels left

rFire   . . .      SeeInvis +    n - +2 dagger (venom)
rCold   . . .      Faith    .    (no shield)
rNeg    . . .      Spirit   .    r - +2 animal skin
rPois   .          Reflect  .    (helmet unavailable)
rElec   .          Harm     .    k - +0 cloak
rCorr   .          Rampage  .    (no gloves)
Will    .....                    (no boots)
Stlth   +.........               (no amulet)
HPRegen 0.25/turn                (no ring)
MPRegen 0.11/turn                (no ring)

@: no status effects
A: permanent stasis, dig shafts and tunnels, antennae 3, four strong arms
a: Dig, Shaft Self


You were on level 3 of the Dungeon.
You visited 1 branch of the dungeon, and saw 3 of its levels.

You collected 146 gold pieces.
You spent 44 gold pieces at shops.

Inventory:

Hand Weapons
 n - a +2 dagger of venom (weapon)
Missiles
 d - 3 poisoned darts
Armour
 c - a +0 ring mail
 k - a +0 cloak (worn)
 r - a +2 animal skin (worn)
Wands
 o - a wand of polymorph (3)
Scrolls
 a - a scroll of fear
 b - 2 scrolls of butterflies
 f - 2 scrolls of teleportation {unknown}
 i - 4 scrolls of identify
 j - a scroll of noise {unknown}
 m - a scroll of immolation {unknown}
 p - 2 scrolls of amnesia {unknown}
 q - a scroll of vulnerability {unknown}
Potions
 e - a potion of ambrosia
 g - 4 potions of curing
 h - a potion of heal wounds
 l - 3 potions of might {unknown}


   Skills:
 - Level 2.1 Armour
 - Level 1.0 Dodging
 - Level 2.1 Spellcasting
 + Level 6.7 Summonings


You had one spell level left.
You knew the following spells:

 Your Spells              Type           Power      Damage    Failure   Level
a - Summon Small Mammal   Summ           68%        N/A       1%          1
b - Call Imp              Summ           17%        N/A       2%          2
c - Summon Ice Beast      Ice/Summ       9%         N/A       54%         4

Your spell library contained the following spells:

 Spells                   Type           Power      Damage    Failure   Level
 Cigotuvi's Dreadful Rot  Necr/Pois/Air  2%         N/A       38%         2
 Sublimation of Blood     Necr           1%         N/A       38%         2


Dungeon Overview and Level Annotations

Branches:
Dungeon (3/15)

Altars:
Trog

Shops:
D:2 *

Annotations:
D:2 Sigmund


Innate Abilities, Weirdness & Mutations

You cannot be hasted, slowed, berserked, paralysed or teleported.
You can dig through walls and to a lower floor.
You have a pair of large antennae on your head. (SInv)
Your four strong arms can wield two-handed weapons with a shield.


Message History

The bat barely misses you. The bat closely misses you.
The bat barely misses you.
You closely miss the bat.
The bat is severely wounded.
You kill the bat!
You barely miss the orc priest. Your punch misses the orc priest.
The orc priest misses you.
You hit the orc priest.
The orc priest is poisoned.
The orc priest is moderately wounded.
You hit the orc.
The orc is poisoned.
The orc is heavily wounded.
You closely miss the orc.
The orc is almost dead.
The orc hits you but does no damage.
You closely miss the orc.
The orc is almost dead.
The orc closely misses you.
You hit the orc.
You kill the orc!
You barely miss the orc priest.
The orc priest is severely wounded.
The orc priest barely misses you.
You closely miss the orc priest.
The orc priest is severely wounded.
The orc priest closely misses you.
You hit the orc priest but do no damage.
The orc priest is severely wounded.
The orc priest mumbles some strange prayers to Beogh against you.
Beogh smites you!
You barely miss the orc priest.
The orc priest is severely wounded.
The orc priest hits you with a +0 flail.
You closely miss the orc priest.
The orc priest is severely wounded.
The orc priest hits you with a +0 flail!
* * * LOW HITPOINT WARNING * * *
You hit the orc priest.
The orc priest is severely wounded.
The orc priest hits you with a +0 flail.
You die...

................#
...##..)........#
................#
...##...........#
...##...#.......#
...##..###......#
...)..## #......#
...##.# #......####
......####......@o.#
..#†........######.#
........###. #.##
........# #. #..##
........# ##b.##
........# ##o.#
........#
#...........#
........#
#.####^####.#
........## {. #


You could see an orc priest (poisoned).

Vanquished Creatures
  Robin (D:2)
  An adder (D:2)
  A worm (D:2)
  2 dart slugs
  An orc (D:3)
  5 endoplasms
  A giant cockroach (D:3)
  5 goblins
  6 hobgoblins
  4 jackals (D:3)
  5 quokkas
  2 ball pythons
  8 bats
  A frilled lizard (D:1)
  6 kobolds
  2 rats (D:1)
51 creatures vanquished.

Vanquished Creatures (collateral kills)
  A worm (D:2)
  A ball python (D:1)
  A bat (D:1)
  An endoplasm (D:1)
  5 goblins (D:2)
  3 hobgoblins (D:2)
  A frilled lizard (D:1)
  4 rats (D:1)
17 creatures vanquished.

Grand Total: 68 creatures vanquished

Notes
Turn   | Place    | Note
-------+----------+-------------------------------------------
     0 | D:1      | ragingrage the Formicid Wanderer began the quest for the
                  | Orb.
     0 | D:1      | ragingrage set off with the following items: a +0 club, a
                  | scroll of butterflies, a +0 ring mail; and the following
                  | spell memorised: Summon Small Mammal; and the following
                  | spells available to memorise: Call Imp, Cigotuvi's Dreadful
                  | Rot, Sublimation of Blood, Summon Ice Beast.
     0 | D:1      | Reached XP level 1. HP: 13/13 MP: 3/3
   198 | D:1      | Reached XP level 2. HP: 19/19 MP: 3/5
   273 | D:1      | Learned a level 2 spell: Call Imp
   499 | D:1      | Reached XP level 3. HP: 20/24 MP: 6/6
  1051 | D:2      | Noticed Robin
  1167 | D:2      | Reached skill level 6 in Summonings
  1333 | D:2      | Found Zatoghong's Assorted Antiques.
  1342 | D:2      | Bought a scroll labelled PIKHAGHIUL for 22 gold pieces
  1342 | D:2      | Bought a scroll labelled JOEFED SYCVAU for 22 gold pieces
  1434 | D:2      | Reached XP level 4. HP: 26/30 MP: 7/7
  1737 | D:2      | Killed Robin
  1760 | D:2      | Learned a level 4 spell: Summon Ice Beast
  1817 | D:2      | Noticed Sigmund
  1927 | D:3      | Reached XP level 5. HP: 35/35 MP: 8/8
  2059 | D:3      | Found a bloodstained altar of Trog.
  2084 | D:3      | Slain by an orc priest

Illustrated notes

Levels and vault maps discovered:
D:1:      spicycebolla_arrival_transporter_tutorial, layout_basic,
          minmay_pentomino_s4
D:2:      layout_loops_ring, serial_shops, shop_fountains,
          corexii_leaking_fountain, minmay_quadrilaterals, uniq_robin,
          uniq_sigmund
D:3:      layout_rooms, lemuel_tele_altar

Skill      XL: |  1  2  3 |
---------------+----------+-----
Summonings     | 6 |  6.7
Armour         | |  2.1
Dodging        | |  1.0
Spellcasting   | |  2.1

Action                   |  1- 3 |  4- 6 || total
-------------------------+-------+-------++-------
Melee: Club              |    84 |       ||    84
       Dagger            |    19 |    93 ||   112
       Unarmed           |       |     6 ||     6
       Punch             |       |     1 ||     1
 Cast: Summon Small Mamm |    17 |     1 ||    18
       Call Imp          |     9 |     1 ||    10
  Use: Scroll            |     4 |       ||     4
Armor: Ring mail         |    52 |    18 ||    70
       Animal skin       |       |    13 ||    13
       Skin              |       |     1 ||     1
Dodge: Dodged            |    65 |    51 ||   116

Table legend: (Time is in decaauts)
 A = Elapsed time spent in this place.
 B = Non-inter-level travel time spent in this place.
 C = Inter-level travel time spent in this place.
 D = Time resting spent in this place.
 E = Time spent auto-exploring this place.
 F = Levels seen in this place.
 G = Mean time per level.
                   A        B        C        D        E       F      G
               +--------+--------+--------+--------+--------+-----+--------+
         Total |   2103 |   2023 |     80 |    163 |   1196 |   3 |  701.0 |
       Dungeon |   2103 |   2023 |     80 |    163 |   1196 |   3 |  701.0 |
               +--------+--------+--------+--------+--------+-----+--------+

Top non-repeatable levels by time:
     D:2: 946 daAuts
     D:1: 907 daAuts
     D:3: 249 daAuts
